 Dungeon Crawl Stone Soup version 0.30-a0-722-g3e6e8c874d (webtiles) character file.

Game seed: 7708643385520965585

41012 Bnni the Severer (level 14, -5/106 (118) HPs)
             Began as a Formicid Fighter on Jan 28, 2023.
             Was a High Priest of Okawaru.
             Killed from afar by a tengu reaver (27 damage)
             ... with a bolt of poison
             ... on level 15 of the Dungeon.
             The game lasted 00:33:59 (17206 turns).

Bnni the Severer (Formicid Fighter)                Turns: 17206, Time: 00:34:00

HP:   -5/106 (118)  AC: 21    Str: 24    XL:     14   Next: 47%
MP:   0/23          EV: 18    Int: 10    God:    Okawaru [*****.]
Gold: 1158          SH: 15    Dex: 16    Spells: 13/13 levels left

rFire   + + +      SeeInvis +    a - +2 battleaxe
rCold   . . .      Faith    .    J - +0 kite shield
rNeg    + . .      Spirit   +    S - +5 ring mail of Xom's Felicitations {-Tele *Slow rF+++ rN+}
rPois   .          Reflect  .    (helmet unavailable)
rElec   .          Harm     .    d - +0 cloak
rCorr   .          Rampage  .    L - +0 pair of gloves {Dex+3}
Will    +....                    H - +2 pair of boots {Stlth+}
Stlth   +++                      n - amulet of guardian spirit
HPRegen 0.37/turn                R - +5 ring of evasion
MPRegen 0.18/turn                M - +4 ring of protection

@: mighty, lethally poisoned (-5 -> -29), heroic, finesse-ful, heavily drained
A: permanent stasis, dig shafts and tunnels, antennae 3, four strong arms
a: Dig, Shaft Self, Renounce Religion, Heroism, Finesse, Duel


You were on level 15 of the Dungeon.
You worshipped Okawaru.
Okawaru was extremely pleased with you.
You visited 2 branches of the dungeon, and saw 16 of its levels.
You also visited: Sewer.

You collected 1158 gold pieces.

Inventory:

Hand Weapons
 a - a +2 battleaxe (weapon)
 N - a +1 scimitar of flaming
Missiles
 y - 30 poisoned darts
 P - 4 curare-tipped darts
Armour
 d - a +0 cloak (worn)
 H - a +2 pair of boots of stealth (worn)
 J - a +0 kite shield (worn)
 L - a +0 pair of gloves of dexterity (worn)
 S - the +5 ring mail of Xom's Felicitations (worn) {-Tele *Slow rF+++ rN+}
   (You found it on level 13 of the Dungeon)

   rF:        It renders you almost immune to fire.
   rN:        It protects you from negative energy.
   -Tele:     It prevents most forms of teleportation.
   *Slow:     It may slow you when you take damage.
Jewellery
 c - a ring of positive energy
 n - an amulet of guardian spirit (around neck)
 M - a +4 ring of protection (right hand)
 Q - a ring of positive energy
 R - a +5 ring of evasion (left hand)
Wands
 b - a wand of flame (61)
 r - a wand of iceblast (12)
 w - a wand of quicksilver (23)
 x - a wand of mindburst (10)
 G - a wand of polymorph (19)
 K - a wand of paralysis (8)
Scrolls
 f - 3 scrolls of noise {unknown}
 h - 4 scrolls of fog {unknown}
 i - 2 scrolls of torment {unknown}
 j - 4 scrolls of fear {unknown}
 l - 3 scrolls of enchant weapon
 z - a scroll of identify
 A - a scroll of amnesia
 B - a scroll of enchant armour
 C - 2 scrolls of immolation {unknown}
 D - 2 scrolls of poison {unknown}
 E - a scroll of vulnerability
 F - 3 scrolls of magic mapping
Potions
 e - 3 potions of resistance
 g - 12 potions of heal wounds {unknown}
 k - 6 potions of mutation
 m - a potion of might
 o - a potion of invisibility {unknown}
 p - 4 potions of magic
 q - a potion of flight {unknown}
 s - 6 potions of brilliance
 t - 7 potions of curing
 u - 3 potions of lignification {unknown}
 v - 4 potions of ambrosia {unknown}
 I - 3 potions of degeneration {unknown}
 O - a potion of attraction {unknown}
 T - a potion of berserk rage {unknown}


   Skills:
 + Level 13.0(18.0) Fighting
 * Level 16.2(21.2) Axes
 - Level 3.2(8.2) Armour
 + Level 13.0(18.0) Shields
 + Level 12.0 Invocations


You had 13 spell levels left.
You didn't know any spells.
Your spell library contained the following spells:

 Spells                   Type           Power      Damage    Failure   Level
 Cigotuvi's Dreadful Rot  Necr/Pois/Air  0%         N/A       75%         2
 Lesser Beckoning         Tloc           0%         N/A       75%         2
 Poisonous Vapours        Pois/Air       0%         N/A       75%         2
 Gell's Gravitas          Tloc           0%         N/A       92%         3
 Inner Flame              Hex/Fire       0%         N/A       92%         3
 Kindle Blastsparks       Fire/Tloc/Air  0%         2d10      92%         3
 Mephitic Cloud           Conj/Pois/Air  0%         N/A       92%         3
 Teleport Other           Tloc           0%         N/A       92%         3
 Cause Fear               Hex            0%         N/A       100%        4
 Iskenderun's Mystic Bla  Conj/Tloc      0%         2d3       100%        4
 Leda's Liquefaction      Hex/Erth       0%         N/A       100%        4
 Fireball                 Conj/Fire      0%         3d3       100%        5
 Lee's Rapid Deconstruct  Erth           0%         3d4*      100%        5
 Dispersal                Tloc           0%         N/A       100%        6
 Statue Form              Tmut/Erth      0%         N/A       100%        6
 Discord                  Hex            0%         N/A       100%        8


Dungeon Overview and Level Annotations

Branches:
Dungeon (15/15)            Temple (1/1) D:6            Lair (0/5) D:9
    Orc (0/2) D:10         Vaults (0/5) D:14         Depths (0/4) D:15
  Sewer (visited)

Altars:
Ashenzari
Cheibriados
Fedhas
Gozag
Hepliaklqana
Kikubaaqudgha
Makhleb
Nemelex Xobeh
Okawaru
Qazlal
Ru
Trog
Uskayaw
Wu Jian
Zin
The Shining One

Shops:
D:4 *

Annotations:
D:12 4 transporters


Innate Abilities, Weirdness & Mutations

You cannot be hasted, slowed, berserked, paralysed or teleported.
You can dig through walls and to a lower floor.
You have a pair of large antennae on your head. (SInv)
Your four strong arms can wield two-handed weapons with a shield.


Message History

You dig through the rock wall.
You feel drained. The tengu reaver casts a spell at you.
The bolt of negative energy hits you. You partially resist.
You feel drained.
You dig through the rock wall.
You feel drained.
You gain the combat prowess of a mighty hero.
You can now deal lightning-fast blows.
The tengu reaver hits you with a +0 great mace!!
The tengu reaver pecks you but does no damage.
The tengu reaver claws you but does no damage.
You feel very mighty all of a sudden. You block the tengu reaver's attack.
The tengu reaver pecks you but does no damage.
You block the tengu reaver's attack.
You retract your mandibles.
You closely miss the tengu reaver. You slash the tengu reaver!
The tengu reaver is lightly wounded.
You closely miss the tengu reaver.
The tengu reaver is lightly wounded.
You block the tengu reaver's attack. The tengu reaver pecks you.
The tengu reaver claws you but does no damage.
You miss the tengu reaver.
The tengu reaver is lightly wounded.
You closely miss the tengu reaver.
The tengu reaver is lightly wounded.
The tengu reaver hits you with a +0 great mace!
* * * LOW HITPOINT WARNING * * *
The tengu reaver pecks you but does no damage.
The tengu reaver claws you but does no damage.
Okay, then.
You slice the tengu reaver!!
The tengu reaver is heavily wounded.
You hear a deafening roar!
You hear a bellow!
You barely miss the tengu reaver.
The tengu reaver is heavily wounded.
You completely miss the tengu reaver.
The tengu reaver is heavily wounded.
The tengu reaver points at you and mumbles some strange words.
The bolt of poison hits you!!
You are lethally poisoned!
You die...

#.# #.....#### #.#
#....## #.# #....###
#####.# #.[....#
......# ##.....#
#########......# #
#....#......# #
#...........### #
#.....#.....#@##
####....##.....##Q#
.##.....########{####
...............{{{{.#
.#.#..........{{{{..#
.#.#....'''''{{''{..#
.#.#....'+++++{{'{..#
.#.#....'+ {{x'+'..#
.#.###..'+ {..Hc '..#


You could see a tengu reaver.

Vanquished Creatures
  Rupert (D:14)
  Nessos (Arena)
  2 hydras
  A catoblepas (D:14)
  An ogre mage (D:15)
  A centaur warrior (D:14)
  5 two-headed ogres
  4 boulder beetles
  The ghost of anet the Covert, a novice GnBr of Sif Muna (D:8)
  A deep elf knight (D:14)
  A skeletal warrior (D:14)
  A deep elf zephyrmancer (D:13)
  11 wizards
  A wolf spider zombie (D:15)
  8 deep elf pyromancers
  An orc knight (D:14)
  5 cyclopes
  The ghost of Loefaen the Shooter, a novice FoHu of Lugonu (D:6)
  A necromancer (D:15)
  4 orc sorcerers
  3 manticores
  3 gargoyles
  Maggie (D:7)
  4 centaur skeletons (D:14)
  A naga mage (D:15)
  A kobold demonologist (D:14)
  A rime drake (shapeshifter) (D:14)
  An unseen horror (D:13)
  2 efreet
  An unseen horror zombie (D:7)
  A tengu conjurer (D:13)
  2 trolls
  A hornet (D:14)
  6 slime creatures
  2 wraiths
  A vampire (D:11)
  A shadow (D:12)
  A basilisk (D:11)
  3 vampire mosquitoes (D:14)
  3 steam dragons
  2 water moccasins (D:8)
  Pargi (Sewer)
  4 black bears
  9 orc warriors
  5 ogres (D:15)
  12 centaurs
  4 kobold brigands
  2 phantoms
  8 bullfrogs
  4 scorpions
  A wyvern zombie (D:7)
  A gnoll sergeant (D:6)
  4 necrophages
  8 wights
  3 killer bees (D:9)
  9 howler monkeys
  2 centaur zombies (D:7)
  3 hounds
  2 quasits (D:6)
  8 orc priests
  Crazy Yiuf (D:2)
  2 gnoll boudas
  2 iguanas
  10 orc wizards
  2 boggart zombies (D:15)
  A boggart simulacrum (D:15)
  8 adders
  10 gnolls
  A white imp (D:8)
  An ufetubus (D:4)
  4 worms
  2 dart slugs
  41 orcs
  5 ball pythons
  A bat zombie (D:4)
  4 endoplasms
  3 giant cockroaches
  5 goblins
  9 hobgoblins
  5 quokkas
  7 bats
  2 frilled lizards
  13 kobolds
  A rat (D:2)
  2 rat zombies (D:4)
325 creatures vanquished.

Vanquished Creatures (others)
  Erica (D:9)
  A howler monkey (D:13)
  7 fungi (D:9)
  18 plants (D:9)
  5 withered plants (D:7)
32 creatures vanquished.

Grand Total: 357 creatures vanquished

Notes
Turn   | Place    | Note
-------+----------+-------------------------------------------
     0 | D:1      | Bnni the Formicid Fighter began the quest for the Orb.
     0 | D:1      | Reached XP level 1. HP: 18/18 MP: 1/1
   238 | D:1      | Reached XP level 2. HP: 19/24 MP: 2/2
  1000 | D:2      | Reached skill level 3 in Axes
  1000 | D:2      | Reached XP level 3. HP: 29/30 MP: 3/3
  1046 | D:2      | Found a faded altar of an unknown god.
  1201 | D:2      | Identified the +5 whip of Nofeowi {flame, Dex+3}
  1267 | D:2      | Found a runed translucent door.
  1268 | D:2      | Noticed Crazy Yiuf
  1278 | D:2      | Killed Crazy Yiuf
  1279 | D:2      | Reached XP level 4. HP: 16/37 MP: 1/4
  1284 | D:2      | Identified the +2 hammer of Awkwardness {speed, rC- Str+7
                  | Dex+4}
  1793 | D:3      | Noticed a scorpion
  1797 | D:3      | Killed a scorpion
  1798 | D:3      | Reached skill level 4 in Axes
  1798 | D:3      | Reached XP level 5. HP: 32/43 MP: 2/5
  2676 | D:4      | Found an ancient bone altar of Kikubaaqudgha.
  2691 | D:4      | Noticed a phantom
  2701 | D:4      | Killed a phantom
  2702 | D:4      | Reached skill level 5 in Axes
  2702 | D:4      | Reached XP level 6. HP: 47/50 MP: 4/6
  2988 | D:4      | Found Ceose's General Store.
  3017 | D:4      | Reached skill level 5 in Fighting
  3422 | D:5      | Entered Level 5 of the Dungeon
  3438 | D:5      | Reached XP level 7. HP: 51/56 MP: 5/7
  3442 | D:5      | Reached skill level 6 in Axes
  3847 | D:5      | Reached skill level 7 in Axes
  3847 | D:5      | Reached XP level 8. HP: 45/64 MP: 5/8
  3872 | D:5      | Found a glowing drain.
  3909 | Sewer    | Entered a sewer
  3941 | Sewer    | Noticed Pargi
  3964 | Sewer    | Killed Pargi
  4686 | D:6      | Found a transporter.
  4691 | D:6      | Noticed Loefaen's ghost (novice FoHu)
  4724 | D:6      | Reached skill level 8 in Axes
  5029 | D:6      | Found a staircase to the Ecumenical Temple.
  5036 | Temple   | Entered the Ecumenical Temple
  5050 | Temple   | Became a worshipper of Warmaster Okawaru
  5145 | D:6      | Found a snail-covered altar of Cheibriados.
  5249 | D:6      | Found a transporter.
  5427 | D:6      | Killed Loefaen's ghost
  5427 | D:6      | Reached * piety under Okawaru
  5428 | D:6      | Reached skill level 9 in Axes
  5428 | D:6      | Reached XP level 9. HP: 42/73 MP: 5/11
  5584 | D:7      | Identified the +9 trident of Pyexoger {freeze, Drain rElec
                  | Int+2 Dex+3}
  5612 | D:7      | HP: 1/71 [wight/+2 hand axe (5)]
  6667 | D:7      | Noticed Maggie
  6676 | D:7      | Reached skill level 10 in Axes
  6683 | D:7      | Killed Maggie
  6683 | D:7      | Reached ** piety under Okawaru
  6684 | D:7      | Reached skill level 5 in Shields
  6684 | D:7      | Reached XP level 10. HP: 71/82 MP: 10/13
  6886 | D:7      | Reached skill level 5 in Invocations
  7082 | D:7      | You fall into a shaft and drop 1 floor!
  7215 | D:8      | Identified the +3 long sword "Ucraoku" {heavy, rElec Int-4
                  | SInv Stlth+}
  7278 | D:8      | Noticed a two-headed ogre
  7293 | D:8      | Killed a two-headed ogre
  7293 | D:8      | Reached *** piety under Okawaru
  7294 | D:8      | Reached skill level 11 in Axes
  7371 | D:8      | Found a stormy altar of Qazlal.
  7372 | D:8      | Found a sparkling altar of Nemelex Xobeh.
  8199 | D:8      | Found a runed translucent door.
  8210 | D:8      | Noticed anet's ghost (novice GnBr)
  8225 | D:8      | Killed anet's ghost
  8225 | D:8      | Reached **** piety under Okawaru
  8420 | D:9      | Reached XP level 11. HP: 77/89 MP: 13/15
  8600 | D:9      | Found a staircase to the Lair.
  8815 | D:9      | Noticed Erica
  8826 | D:9      | Killed Erica
  8827 | D:9      | Reached skill level 12 in Axes
  9317 | D:10     | Entered Level 10 of the Dungeon
  9686 | D:10     | Noticed a two-headed ogre
  9691 | D:10     | Killed a two-headed ogre
  9691 | D:10     | Reached ***** piety under Okawaru
  9692 | D:10     | Reached skill level 10 in Fighting
  9787 | D:10     | Found a staircase to the Orcish Mines.
  9802 | D:10     | Received a gift from Okawaru
 11289 | D:11     | Got Godgh's Vellum of Accelerants and Force
 11427 | D:12     | Noticed a deep elf pyromancer
 11436 | D:12     | Killed a deep elf pyromancer
 11525 | D:12     | Noticed a cyclops
 11531 | D:12     | Identified the +3 chain mail "Fueblu" {Str+5} (Okawaru
                  | gifted it to you on level 12 of the Dungeon)
 11531 | D:12     | Received a gift from Okawaru
 11535 | D:12     | Killed a cyclops
 11536 | D:12     | Reached skill level 13 in Axes
 11536 | D:12     | Reached XP level 12. HP: 39/98 MP: 6/18
 11703 | D:12     | Found a transporter.
 12128 | D:12     | Noticed a boulder beetle
 12146 | D:12     | Killed a boulder beetle
 12210 | D:12     | Found a transporter.
 12323 | D:12     | Found a transporter.
 12349 | D:12     | Found a transporter.
 12790 | D:13     | Reached skill level 10 in Shields
 12815 | D:13     | Noticed a two-headed ogre
 12826 | D:13     | Killed a two-headed ogre
 12902 | D:13     | Received a gift from Okawaru
 12903 | D:13     | Reached skill level 14 in Axes
 12908 | D:13     | Noticed a boulder beetle
 12926 | D:13     | Killed a boulder beetle
 12927 | D:13     | Reached XP level 13. HP: 56/106 MP: 12/20
 13188 | D:13     | Noticed a five-headed hydra
 13207 | D:13     | Killed a one-headed hydra
 13208 | D:13     | Reached skill level 10 in Invocations
 13920 | D:13     | Noticed Nessos
 13921 | Arena    | Entered the Arena
 13937 | Arena    | Killed Nessos
 13938 | Arena    | Reached skill level 15 in Axes
 14152 | D:13     | Identified the +5 ring mail of Xom's Felicitations {-Tele
                  | *Slow rF+++ rN+}
 14433 | D:14     | Noticed Rupert
 14455 | D:14     | Killed Rupert
 14488 | D:14     | Found a gate to the Vaults.
 14698 | D:14     | Noticed a six-headed hydra
 14716 | D:14     | Killed a one-headed hydra
 14895 | D:14     | Noticed an entropy weaver
 14901 | D:14     | an entropy weaver changed into a blink frog
 14972 | D:14     | Noticed a catoblepas
 14974 | D:14     | Noticed a centaur warrior
 14975 | D:14     | Reached XP level 14. HP: 116/116 MP: 22/22
 15002 | D:14     | Received a gift from Okawaru
 15271 | D:14     | Reached ****** piety under Okawaru
 15950 | D:15     | Entered Level 15 of the Dungeon
 16018 | D:15     | Reached skill level 16 in Axes
 16165 | D:15     | Found a huge runed gate.
 16165 | D:15     | Found a huge runed gate.
 16166 | D:15     | Found a huge runed gate.
 16166 | D:15     | Found a huge runed gate.
 16166 | D:15     | Found a huge runed gate.
 16167 | D:15     | Found a huge runed gate.
 16167 | D:15     | Found a huge runed gate.
 16167 | D:15     | Found a huge runed gate.
 16168 | D:15     | Found a huge runed gate.
 16169 | D:15     | Found a huge runed gate.
 16170 | D:15     | Found a huge runed gate.
 16171 | D:15     | Found a huge runed gate.
 16172 | D:15     | Found a huge runed gate.
 16292 | D:15     | Found a huge runed gate.
 16292 | D:15     | Found a huge runed gate.
 16292 | D:15     | Found a huge runed gate.
 16292 | D:15     | Found a huge runed gate.
 16293 | D:15     | Found a huge runed gate.
 16293 | D:15     | Found a huge runed gate.
 16293 | D:15     | Found a huge runed gate.
 16293 | D:15     | Found a huge runed gate.
 16294 | D:15     | Found a huge runed gate.
 16295 | D:15     | Found a huge runed gate.
 16296 | D:15     | Found a huge runed gate.
 16297 | D:15     | Found a huge runed gate.
 16298 | D:15     | Found a huge runed gate.
 16306 | D:15     | Found a huge runed gate.
 16306 | D:15     | Found a huge runed gate.
 16306 | D:15     | Found a huge runed gate.
 16306 | D:15     | Found a huge runed gate.
 16306 | D:15     | Found a huge runed gate.
 16306 | D:15     | Found a huge runed gate.
 16307 | D:15     | Found a huge runed gate.
 16310 | D:15     | Found a huge runed gate.
 16311 | D:15     | Found a huge runed gate.
 16319 | D:15     | Found a huge runed gate.
 16827 | D:15     | Found a staircase to the Depths.
 17189 | D:15     | Noticed a tengu reaver
 17189 | D:15     | Noticed a sphinx
 17189 | D:15     | Noticed a storm dragon
 17189 | D:15     | Noticed a tengu reaver
 17189 | D:15     | Noticed a sphinx
 17190 | D:15     | Noticed a stone giant
 17190 | D:15     | Noticed a shadow dragon
 17206 | D:15     | Killed from afar by a tengu reaver

Illustrated notes

Levels and vault maps discovered:
D:1:      giann_horns, layout_basic
D:2:      layout_rooms, chequers_ecumenical_altar_island,
          hangedman_decor_points, uniq_crazy_yiuf_cottage
D:3:      layout_basic
D:4:      layout_gridville, lemuel_zombie_altar_kikubaaqudgha, serial_shops,
          nicolae_inconvenience_store
D:5:      layout_basic, cheibrodos_sewer_entry_sluice, dk_vineyard_2,
          minmay_chambers_of_fives
D:6:      layout_basic, cheibriados_altar_1, minmay_temple_entry_butterflies,
          gammafunk_ghost_stat_death, grunt_decor_arrowhead
D:7:      layout_loops_ring, serial_undead, serial_undead_f, serial_undead_d,
          serial_undead_a, serial_undead_c, serial_undead_e, serial_undead_c,
          dreamdust_wishing_well, uniq_maggie
D:8:      layout_basic, chequers_temple_overflow_statue_of_worship,
          ebering_ghost_reflecting_pool, minmay_increasing_density
D:9:      layout_basic, due_lair_maze_entry_diamond, uniq_erica
D:10:     layout_layer_cave, minmay_orc_entry_temple_small
D:11:     layout_long_grid, serial_glass, glass_columns_a, glass_columns_a,
          glass_columns_a, glass_columns_c, glass_columns_b
D:12:     layout_small_grid, nicolae_transporter_intersection
D:13:     minmay_tri_stars, layout_basic, uniq_nessos
D:14:     layout_basic, hangedman_vaults_entry_quadrant_bands, kennysheep_nub,
          uniq_rupert
D:15:     grunt_enter_depths_magical_seal, layout_basic,
          minmay_misc_feat_enclosed, door_vault
Temple:   nicolae_temple_bog_church

Skill      XL: |  1  2  3  4  5  6  7  8  9 10 11 12 13 14 |
---------------+-------------------------------------------+-----
Axes           | 3 4 5 7 9 10 11 13 14 15 16 | 16.2
Fighting       | 4 5 6 7 8 9 10 11 12 13 | 13.0
Invocations    | 2 4 6 8 9 11 12 | 12.0
Shields        | 5 7 9 10 12 13 | 13.0
Armour         | |  3.2

Action                     |  1- 3 |  4- 6 |  7- 9 | 10-12 | 13-15 || total
---------------------------+-------+-------+-------+-------+-------++-------
  Melee: War axe           |    62 |   114 |   239 |       |       ||   415
         Battleaxe         |       |       |    16 |   411 |   314 ||   741
         Scimitar          |       |       |       |       |    17 ||    17
  Throw: Dart              |       |       |     1 |    10 |     9 ||    20
         Throwing net      |       |       |       |     1 |       ||     1
 Invoke: Heroism           |       |       |       |     4 |     6 ||    10
         Finesse           |       |       |       |       |     2 ||     2
         Duel              |       |       |       |       |     1 ||     1
Ability: Dig               |       |       |       |       |     1 ||     1
  Evoke: Wand              |       |     1 |     2 |     5 |     4 ||    12
    Use: Potion            |     1 |       |     1 |       |     1 ||     3
         Scroll            |       |     4 |     2 |     5 |     1 ||    12
   Stab: Paralysed         |       |       |     7 |       |       ||     7
         Sleeping          |       |       |       |       |     1 ||     1
         Petrified         |       |       |       |       |    15 ||    15
 Armour: Scale mail        |    19 |       |       |       |       ||    19
         Chain mail        |     1 |    66 |   200 |    51 |    80 ||   398
         Swamp dragon scal |       |       |       |    95 |       ||    95
         Plate armour      |       |       |       |    56 |       ||    56
         Ring mail         |       |       |       |       |   102 ||   102
  Dodge: Dodged            |    24 |    41 |   112 |   140 |   148 ||   465
  Block: Buckler           |    10 |    24 |    64 |       |       ||    98
         Kite shield       |       |       |    26 |   292 |   214 ||   532

Table legend: (Time is in decaauts)
 A = Elapsed time spent in this place.
 B = Non-inter-level travel time spent in this place.
 C = Inter-level travel time spent in this place.
 D = Time resting spent in this place.
 E = Time spent auto-exploring this place.
 F = Levels seen in this place.
 G = Mean time per level.
                   A        B        C        D        E       F      G
               +--------+--------+--------+--------+--------+-----+--------+
         Total |  17352 |  16768 |    584 |   1261 |  12755 |  18 |  964.0 |
       Dungeon |  17073 |  16500 |    573 |   1253 |  12590 |  15 | 1138.2 |
        Temple |     26 |     15 |     11 |      0 |      3 |   1 |   26.0 |
         Sewer |    220 |    220 |      0 |      0 |    162 |   1 |  220.0 |
         Arena |     31 |     31 |      0 |      8 |      0 |   1 |   31.0 |
               +--------+--------+--------+--------+--------+-----+--------+

Top non-repeatable levels by time:
    D:13: 1826 daAuts
    D:14: 1567 daAuts
     D:6: 1565 daAuts
     D:8: 1314 daAuts
    D:15: 1244 daAuts
    D:12: 1155 daAuts
    D:10: 1153 daAuts
     D:5: 1009 daAuts
     D:1: 988 daAuts
     D:9: 950 daAuts
     D:4: 927 daAuts
    D:11: 904 daAuts
     D:7: 894 daAuts
     D:3: 852 daAuts
     D:2: 720 daAuts
